 Dungeon Crawl Stone Soup version 0.31.0-32-g396128a36d (webtiles) character file.

Game seed: 12482025033866659313

172679 TacoSundae the Executioner (level 17, -3/148 HPs)
             Began as a Barachi Berserker on Apr 19, 2024.
             Was the Champion of Trog.
             Slain by a ghost moth (11 damage)
             ... on level 2 of the Spider Nest.
             The game lasted 01:44:40 (33372 turns).

TacoSundae the Executioner (Barachi Berserker)     Turns: 33372, Time: 01:44:40

Health: -3/148     AC: 33    Str: 26      XL:     17   Next: 74%
Magic:  0/17       EV: 12    Int: 13 (14) God:    Trog [******]
Gold:   2977       SH:  0    Dex: 12      Spells: 16/16 levels left

rFire   + + +        a - +4 executioner's axe (heavy)
rCold   + . .        (shield currently unavailable)
rNeg    . . .        O - +3 plate armour {rC+}
rPois   +            S - +2 helmet
rElec   .            C - +2 cloak
rCorr   .            E - +2 pair of gloves
SInv    .            q - +0 pair of boots
Will    ++++.        (no amulet) Stlth
                     A - ring of willpower
HPRegen 1.44/turn    L - ring of Xaiq {rPois rF+++ Int+6}
MPRegen 0.15/turn

%: no passive effects
@: lethally poisoned (-3 -> -9), strong-willed, on berserk cooldown,
regenerating, slowed, very slow
A: amphibious, slowness 1, strong legs 2, +LOS
}: 1/15 runes: decaying
a: Hop, Renounce Religion, Berserk, Trog's Hand, Brothers in Arms


You were on level 2 of the Spider Nest.
You worshipped Trog.
Trog was exalted by your worship.
You visited 5 branches of the dungeon, and saw 26 of its levels.

You collected 3224 gold pieces.
You spent 247 gold pieces at shops.

Inventory:

Hand Weapons
 a - a +4 heavy executioner's axe (weapon)
 b - the +11 hammer of Red Defence by Offence {antimagic, rElec rPois Will++}
   (You found it on level 2 of the Dungeon)

   rElec:     It insulates you from electricity.
   rPois:     It protects you from poison Will++: It greatly increases your
   willpower.
 x - a +4 heavy battleaxe
 I - a +4 executioner's axe of protection
Missiles
 i - 39 poisoned darts (quivered)
 G - 3 throwing nets
Armour
 q - a +0 pair of boots (worn)
 C - a +2 cloak (worn)
 E - a +2 pair of gloves (worn)
 O - a +3 plate armour of cold resistance (worn)
 S - a +2 helmet (worn)
Jewellery
 p - a +5 ring of evasion
 v - a ring of resist corrosion
 A - a ring of willpower (left hand)
 L - the ring of Xaiq (right hand) {rPois rF+++ Int+6}
   (You found it on level 5 of the Lair of Beasts)

   [ring of poison resistance]

   Int+6:     It affects your intelligence (+6).
   rF+++:     It renders you almost immune to fire.
   rPois:     It protects you from poison
Wands
 r - a wand of paralysis (43)
 s - a wand of mindburst (20)
 y - a wand of digging (19)
 B - a wand of acid (27)
 J - a wand of roots (6)
 K - a wand of flame (39)
 N - a wand of polymorph (10)
Scrolls
 h - 7 scrolls of teleportation
 m - 3 scrolls of enchant weapon
 z - 11 scrolls of identify
 F - 2 scrolls of silence
 H - a scroll of blinking
 M - a scroll of enchant armour
 R - a scroll of fog
Potions
 c - 3 potions of berserk rage
 d - a potion of resistance
 e - 5 potions of attraction
 f - 6 potions of lignification
 g - 14 potions of curing
 j - 4 potions of brilliance
 k - 2 potions of cancellation
 n - 5 potions of enlightenment
 o - 4 potions of might
 t - 2 potions of ambrosia
 u - 6 potions of heal wounds
 w - 3 potions of haste
 D - 3 potions of mutation
Miscellaneous
 Q - a condenser vane


   Skills:
 + Level 17.5 Fighting
 * Level 23.4 Axes
 + Level 16.5 Armour
 - Level 11.8 Dodging
 - Level 5.0 Evocations


You had 16 spell levels left.
You didn't know any spells.
Your spell library was empty.

Dungeon Overview and Level Annotations

Branches:
Dungeon (13/15)            Temple (0/1) D:4            Lair (5/5) D:9
  Swamp (4/4) Lair:3       Spider (2/4) Lair:3        Slime (0/5) Lair:4
    Orc (2/2) D:12            Elf (0/3) Orc:2        Vaults (0/5) D:13

Altars:
Ashenzari
Cheibriados
Elyvilon
Fedhas
Gozag
Makhleb
Okawaru
Qazlal
Vehumet
Wu Jian
Xom

Shops:
D:6 !   D:7 [   D:8 (   D:10 :   Orc:2 *?([:

Portals:
Abyss: Swamp:2
Trove: D:10 (give +6 demon trident)

Annotations:
D:8 3 runed translucent doors, jimmypageman's ghost, novice MiFi
Lair:4 3 runed translucent doors, exclusion: oklob plant, Fiha's ghost, journeyman VSSh
Swamp:2 2 transporters, popps's ghost, adept MiBe


Innate Abilities, Weirdness & Mutations

You are amphibious.
You cover ground slowly.
You can hop long distances.
You have an extended range of vision and can be seen from far away.


Message History

You feel your anger nearly subside.
You feel sick.
Arachne stares at you and mumbles some strange words.
The bolt of poison hits you.
You are more poisoned.
You resist.
* * * LOW HITPOINT WARNING * * *
The moth of wrath barely misses you.
You feel you are being watched by something.
You feel your power leaking away.
Something hits you but does no damage. x2
Something stings you but does no damage.
You slice Arachne like a ripe choko!!!!
You kill Arachne!
Trog accepts your kill.
Trog appreciates your killing of a magic user.
You open the moth of wrath like a pillowcase!!!
You kill the moth of wrath!
Trog accepts your kill.
You slash something!
You feel very sick.
You barely miss something.
You feel very sick. Something barely misses you.
Something hits you but does no damage.
Something stings you but does no damage.
The wolf spider hits you but does no damage.
The wolf spider bites you but does no damage.
Unknown command.
You slice the wolf spider like a ripe choko!!!
The wolf spider is severely wounded.
You carve something like a ham!!!
You are no longer berserk.
You are exhausted.
You feel yourself slow down.
* * * LOW HITPOINT WARNING * * *
You feel very sick.
You feel you are being watched by something.
You feel your power leaking away. Something hits you!
You die...

##..##...............
########.#...##.#.....
#..## ###.#..#.^......
#...###..#.#.####..###
##.^....^##### #.###
#.....#.# ###
##.......# #...s#..##
#...{@...# #...|#.###
###..### #..#.#
#....s..# #...#..#...#
###. ....


sHy #. ##.#. # #. #y .. You could see a wolf spider.

Vanquished Creatures
  the Lernaean hydra (Swamp:4)
  Arachne (Spider:2)
  Jorgrun (D:12)
  Frances (D:13)
  Kirke (D:12)
  3 thorn hunters
  Donald (Spider:2)
  A fenstrider witch (Swamp:4)
  2 emperor scorpions (Spider:2)
  A ghost moth (Spider:1)
  An orc warlord (Orc:2)
  2 ghouls
  An ironbound preserver (D:13)
  6 bunyips
  4 eleionomae
  Azrael (Orc:2)
  Nessos (Lair:4)
  2 entropy weavers (Spider:2)
  A fire dragon (Lair:5)
  Harold (D:11)
  16 hydras
  A catoblepas (Lair:5)
  4 alligators
  A death knight (D:13)
  A centaur warrior (D:13)
  2 two-headed ogres (D:10)
  10 boulder beetles
  5 death yaks (Lair:2)
  2 tengu warriors
  5 demonic crawlers
  A skyshark (Lair:5)
  Urug (Lair:4)
  10 spriggans
  Nergalle (Lair:2)
  Amaemon (Lair:2)
  4 pharaoh ants
  A glowing orange brain (D:13)
  4 spriggan druids
  5 goliath frogs
  4 orb spiders (Spider:1)
  5 bog bodies
  4 orc knights
  15 swamp dragons
  An obsidian statue (D:9)
  3 steelbarb worms
  2 lindwurms (Lair:5)
  2 orc sorcerers (Orc:2)
  A manticore (D:12)
  2 ugly things (D:13)
  3 cyclopes
  6 will-o-the-wisps
  8 wolf spiders
  An oklob plant (Lair:5)
  3 meliai
  4 moths of wrath
  12 elephants
  2 kobold blastminers (Orc:2)
  7 black mambas
  3 torpor snails
  An orange demon (Lair:2)
  2 molten gargoyles (Lair:5)
  Joseph (Lair:1)
  11 cane toads
  4 gargoyles
  14 komodo dragons
  A rime drake (shapeshifter) (D:13)
  2 rime drakes
  An efreet (D:13)
  Maggie (D:9)
  A wind drake (shapeshifter) (D:13)
  A bloated husk (Swamp:1)
  7 hornets
  5 polar bears
  13 tarantellas
  9 tyrant leeches
  6 trolls
  8 dream sheep
  8 blink frogs
  9 culicivoras
  12 jumping spiders
  A shadow (D:11)
  2 vampires
  4 wraiths
  12 wyverns
  3 hogs (D:12)
  29 yaks
  A steam dragon (D:7)
  8 basilisks
  2 fire elementals (Orc:2)
  25 redbacks
  2 wargs (Orc:1)
  14 vampire mosquitoes
  16 swamp worms
  Menkaure (D:5)
  8 hell hounds
  14 water moccasins
  25 orc warriors
  4 ice beasts
  7 swamp drakes (Swamp:4)
  2 black bears (D:9)
  A sky beast (D:6)
  4 ogres
  12 centaurs
  2 wolves
  The ghost of AlmostFaded the Trooper, an amateur OpFi (D:3)
  2 kobold brigands (D:8)
  The ghost of Anone the Firebug, an amateur TeFE (D:3)
  2 necrophages
  12 bullfrogs
  2 gnoll sergeants (D:10)
  4 scorpions
  15 wights
  15 killer bees
  The ghost of hellgot the Chiller, a weakling GnIE (D:3)
  7 howler monkeys
  4 electric eels (Lair:3)
  3 lava snakes (Lair:5)
  2 jellies (D:6)
  5 hounds
  Crazy Yiuf (D:2)
  2 gnoll boudas
  15 orc priests
  3 sleepcaps
  4 iguanas
  28 orc wizards
  5 hell rats (Lair:4)
  13 adders
  14 gnolls
  2 shadow imps
  2 white imps
  4 ufetubi
  3 ribbon worms
  88 orcs
  6 ball pythons
  8 endoplasms
  A giant cockroach (D:2)
  9 goblins
  6 hobgoblins
  9 jackals
  6 quokkas
  5 bats
  6 frilled lizards
  17 kobolds
  5 rats
850 creatures vanquished.

Vanquished Creatures (collateral kills)
  The ghost of asasucksnuts the Severer, a journeyman MiMo of Dithmenos (Lair:5)
  A boulder beetle (Lair:5)
  2 cane toads (Lair:5)
4 creatures vanquished.

Vanquished Creatures (others)
  2 bloated husks (Swamp:2)
  An orc (Orc:2)
  33 foxfires
36 creatures vanquished.

Grand Total: 890 creatures vanquished

Notes
Turn   | Place    | Note
-------+----------+-------------------------------------------
     0 | D:1      | TacoSundae the Barachi Berserker began the quest for the
                  | Orb.
     0 | D:1      | Reached XP level 1. HP: 18/18 MP: 1/1
   129 | D:1      | Reached XP level 2. HP: 25/25 MP: 2/2
   883 | D:2      | Reached skill level 4 in Axes
   883 | D:2      | Reached XP level 3. HP: 30/30 MP: 3/3
  1158 | D:2      | Found a runed translucent door.
  1159 | D:2      | Noticed Crazy Yiuf
  1664 | D:2      | Killed Crazy Yiuf
  1665 | D:2      | Reached XP level 4. HP: 37/37 MP: 4/4
  1677 | D:2      | Identified the +11 hammer of Red Defence by Offence
                  | {antimagic, rElec rPois Will++}
  1789 | D:3      | Found a radiant altar of Vehumet.
  1791 | D:3      | Found a faded altar of an unknown god.
  1795 | D:3      | Found a white marble altar of Elyvilon.
  1833 | D:3      | Reached ** piety under Trog
  1878 | D:3      | Found a burning altar of Makhleb.
  1885 | D:3      | Found a snail-covered altar of Cheibriados.
  1956 | D:3      | Reached XP level 5. HP: 40/43 MP: 1/5
  1957 | D:3      | Reached skill level 5 in Axes
  2183 | D:3      | Found a runed translucent gate.
  2183 | D:3      | Found a runed translucent gate.
  2183 | D:3      | Found a runed translucent gate.
  2184 | D:3      | Noticed hellgot's ghost (weakling GnIE)
  2184 | D:3      | Noticed Anone's ghost (amateur TeFE)
  2185 | D:3      | Noticed AlmostFaded's ghost (amateur OpFi)
  2431 | D:3      | Noticed an ice beast
  2440 | D:3      | Noticed an ice beast
  2440 | D:3      | Killed Anone's ghost
  2441 | D:3      | Reached skill level 5 in Fighting
  2441 | D:3      | Reached XP level 6. HP: 48/51 MP: 2/6
  2444 | D:3      | Killed AlmostFaded's ghost
  2446 | D:3      | Noticed an ice beast
  2452 | D:3      | Killed hellgot's ghost
  2453 | D:3      | Reached skill level 6 in Axes
  2655 | D:4      | Identified the +0 dagger "Hoehaf" {vamp, rC+ Will+ Str+3
                  | Dex-5}
  2701 | D:4      | Identified the +1 scale mail "Uplycy" {Dex+4}
  2735 | D:4      | Found a staircase to the Ecumenical Temple.
  2910 | D:4      | Reached XP level 7. HP: 56/56 MP: 2/7
  3176 | D:4      | Found a broken altar of Ashenzari.
  3177 | D:4      | Found an iron altar of Okawaru.
  3177 | D:4      | Found a blossoming altar of Fedhas.
  3241 | D:5      | Entered Level 5 of the Dungeon
  3263 | D:5      | Reached *** piety under Trog
  3264 | D:5      | Reached skill level 7 in Axes
  3335 | D:5      | Reached skill level 8 in Axes
  3432 | D:5      | Reached XP level 8. HP: 51/62 MP: 2/8
  3647 | D:5      | Reached skill level 9 in Axes
  3829 | D:5      | Found a shimmering altar of Xom.
  3891 | D:5      | Noticed Menkaure
  3896 | D:5      | Killed Menkaure
  4541 | D:6      | Reached skill level 10 in Axes
  4748 | D:6      | Found Ocop's Distillery.
  4757 | D:6      | Bought a potion of curing for 45 gold pieces
  4905 | D:6      | Reached **** piety under Trog
  4911 | D:6      | Reached skill level 11 in Axes
  5071 | D:6      | Found an ornate altar of the Wu Jian Council.
  5442 | D:7      | Reached XP level 9. HP: 45/68 MP: 3/9
  5621 | D:7      | Reached skill level 5 in Armour
  5977 | D:7      | Identified the +1 trident "Hydra's Regret" {vamp, rN+ rCorr
                  | Str-4 Dex+3}
  6168 | D:7      | Reached skill level 12 in Axes
  6558 | D:7      | Found Annitum's Antique Armour Shoppe.
  6706 | D:7      | Reached XP level 10. HP: 79/79 MP: 3/10
  7021 | D:8      | Found Sitedd's Weapon Emporium.
  7386 | D:8      | Reached skill level 5 in Dodging
  7419 | D:8      | Paralysed by a hornet for 2 turns
  7422 | D:8      | Reached skill level 13 in Axes
  7788 | D:8      | Noticed a gargoyle
  7803 | D:8      | Killed a gargoyle
  8158 | D:8      | Found a runed translucent gate.
  8160 | D:8      | Found a runed translucent gate.
  8160 | D:8      | Found a runed translucent gate.
  8161 | D:8      | Found an opulent altar of Gozag.
  8161 | D:8      | Noticed jimmypageman's ghost (novice MiFi)
  8161 | D:8      | Noticed a boulder beetle
  8162 | D:8      | Noticed a boulder beetle
  8164 | D:8      | a steam dragon changed into a meliai
  8164 | D:8      | Noticed a meliai (shapeshifter)
  8169 | D:8      | a meliai changed into a redback
  8291 | D:8      | Noticed a guardian serpent
  8601 | D:9      | Reached ***** piety under Trog
  8686 | D:9      | Noticed Maggie
  8704 | D:9      | Killed Maggie
  8791 | D:9      | Reached skill level 14 in Axes
  8791 | D:9      | Reached XP level 11. HP: 45/87 MP: 3/11
  9416 | D:9      | Noticed an obsidian statue
  9469 | D:9      | Found a staircase to the Lair.
  9528 | D:9      | Received a gift from Trog
 10252 | D:9      | Killed an obsidian statue
 10306 | D:10     | Entered Level 10 of the Dungeon
 10306 | D:10     | Found Xolun's Tiny Tomes.
 10408 | D:10     | Found a stormy altar of Qazlal.
 10499 | D:10     | Found a portal to a secret trove of treasure.
 11186 | D:10     | Noticed a two-headed ogre
 11200 | D:10     | Killed a two-headed ogre
 11320 | D:10     | Noticed a two-headed ogre
 11328 | D:10     | Killed a two-headed ogre
 11378 | D:10     | Found a shimmering altar of Xom.
 11414 | D:10     | Reached skill level 15 in Axes
 11689 | D:11     | Noticed a cyclops
 11709 | D:11     | Killed a cyclops
 11744 | D:11     | You fall into a shaft and drop 2 floors!
 11746 | D:13     | Noticed a boulder beetle
 11784 | D:13     | Killed a boulder beetle
 11785 | D:13     | Reached skill level 10 in Fighting
 11785 | D:13     | Reached XP level 12. HP: 48/97 MP: 4/12
 12248 | D:12     | Noticed Jorgrun
 12259 | D:12     | Killed Jorgrun
 12260 | D:12     | Reached skill level 10 in Armour
 12348 | D:12     | Noticed a boulder beetle
 12371 | D:12     | Killed a boulder beetle
 12546 | D:11     | Noticed Harold
 12570 | D:11     | Killed Harold
 12694 | D:11     | Reached skill level 16 in Axes
 13166 | Lair:1   | Entered Level 1 of the Lair of Beasts
 13188 | D:9      | Received a gift from Trog
 13502 | Lair:1   | Noticed Joseph
 13514 | Lair:1   | Killed Joseph
 13696 | Lair:1   | Noticed a four-headed hydra
 13714 | Lair:1   | Killed a four-headed hydra
 14172 | Lair:1   | Gained mutation: You can hop long distances. [Barachi
                  | growth]
 14172 | Lair:1   | Reached XP level 13. HP: 96/106 MP: 13/13
 14317 | Lair:2   | Noticed Nergalle
 14334 | Lair:2   | Killed Nergalle
 14418 | Lair:2   | Noticed Amaemon
 14428 | Lair:2   | Killed Amaemon
 14703 | Lair:2   | Reached skill level 17 in Axes
 14925 | Lair:2   | Reached skill level 10 in Dodging
 15745 | Lair:3   | Found a hole to the Spider Nest.
 16279 | Lair:3   | Found a staircase to the Swamp.
 16815 | Lair:4   | Received a gift from Trog
 17055 | Lair:4   | Reached skill level 18 in Axes
 17063 | Lair:4   | Found a runed translucent gate.
 17064 | Lair:4   | Found a runed translucent gate.
 17065 | Lair:4   | Found a runed translucent gate.
 17066 | Lair:4   | Noticed Fiha's ghost (journeyman VSSh)
 17112 | Lair:4   | Found a staircase to the Slime Pits.
 17129 | Lair:4   | Reached XP level 14. HP: 93/116 MP: 14/14
 17248 | Lair:4   | Noticed Urug
 17260 | Lair:4   | Killed Urug
 17471 | Lair:4   | Noticed Nessos
 17486 | Lair:4   | Killed Nessos
 17727 | Lair:5   | Entered Level 5 of the Lair of Beasts
 17734 | Lair:5   | Found a transporter.
 18055 | Lair:5   | Found a transporter.
 18100 | Lair:5   | Noticed asasucksnuts's ghost (journeyman MiMo)
 18698 | Lair:5   | Found a large runed translucent door.
 18699 | Lair:5   | Found a large runed translucent door.
 19564 | Lair:5   | Reached skill level 19 in Axes
 19571 | Lair:5   | Killed asasucksnuts's ghost
 19576 | Lair:5   | Identified the ring of Xaiq {rPois rF+++ Int+6}
 20013 | D:12     | Noticed Kirke
 20015 | D:12     | Received a gift from Trog
 20020 | D:12     | Killed Kirke
 20021 | D:12     | Reached skill level 1 in Evocations
 20207 | D:12     | Found a staircase to the Orcish Mines.
 20796 | D:13     | Reached XP level 15. HP: 86/125 MP: 15/15
 20984 | D:13     | Noticed Frances
 21002 | D:13     | Killed Frances
 21343 | D:13     | Found a gate to the Vaults.
 21734 | Orc:1    | Entered Level 1 of the Orcish Mines
 21990 | Orc:2    | Entered Level 2 of the Orcish Mines
 22051 | Orc:2    | Found a staircase to the Elven Halls.
 22201 | Orc:2    | Found Coelar's Assorted Antiques.
 22224 | Orc:2    | Bought a shiny helmet for 202 gold pieces
 22344 | Orc:2    | Reached skill level 20 in Axes
 22404 | Orc:2    | Received a gift from Trog
 22408 | Orc:2    | Reached ****** piety under Trog
 22596 | Orc:2    | Found Xuffam's Magic Scroll Emporium.
 22886 | Orc:2    | Noticed Azrael
 22922 | Orc:2    | Killed Azrael
 23108 | Orc:2    | Noticed an orc warlord
 23129 | Orc:2    | Killed an orc warlord
 23379 | Orc:2    | Found Poizutio's Antique Armour Shop.
 23383 | Orc:2    | Found Haerphaoz's Antique Weapon Boutique.
 23447 | Orc:2    | Found Edozots's Book Boutique.
 23728 | Orc:1    | Reached skill level 5 in Evocations
 23947 | Swamp:1  | Entered Level 1 of the Swamp
 24127 | Swamp:1  | Noticed a thorn hunter
 24136 | Swamp:1  | Killed a thorn hunter
 24303 | Swamp:1  | Received a gift from Trog
 24322 | Swamp:1  | HP: 3/127 [bunyip (16)]
 24391 | Swamp:1  | Reached skill level 15 in Fighting
 25024 | Swamp:2  | Noticed a daeva
 25025 | Swamp:2  | Noticed popps's ghost (adept MiBe)
 25047 | Swamp:2  | Noticed a tentacled starspawn
 25051 | Swamp:2  | Found a one-way gate to the infinite horrors of the Abyss.
 25202 | Swamp:2  | Found a transporter.
 25511 | Swamp:2  | You fall into a shaft and drop 1 floor!
 25519 | Swamp:3  | Reached skill level 21 in Axes
 25519 | Swamp:3  | Reached XP level 16. HP: 100/136 MP: 16/16
 26689 | Swamp:2  | Found a transporter.
 27120 | Swamp:4  | Entered Level 4 of the Swamp
 27173 | Swamp:4  | Noticed a fenstrider witch
 27184 | Swamp:4  | Killed a fenstrider witch
 27491 | Swamp:4  | Noticed a thorn hunter
 27501 | Swamp:4  | Killed a thorn hunter
 28023 | Swamp:4  | Received a gift from Trog
 28315 | Swamp:4  | Noticed a thorn hunter
 28326 | Swamp:4  | Killed a thorn hunter
 28327 | Swamp:4  | Reached skill level 15 in Armour
 28449 | Swamp:4  | Reached skill level 22 in Axes
 29245 | Swamp:4  | Noticed the 27-headed Lernaean hydra
 29264 | Swamp:4  | Killed the 27-headed Lernaean hydra
 29773 | Swamp:4  | Reached XP level 17. HP: 110/145 MP: 5/17
 30025 | Swamp:4  | Got a decaying rune of Zot
 30287 | Spider:1 | Entered Level 1 of the Spider Nest
 30843 | Spider:1 | Received a gift from Trog
 31608 | Spider:2 | Noticed Donald
 31763 | Spider:1 | Reached skill level 23 in Axes
 32345 | Spider:2 | Killed Donald
 33332 | Spider:2 | Noticed Arachne
 33370 | Spider:2 | Killed Arachne
 33372 | Spider:2 | Slain by a ghost moth

Illustrated notes

Levels and vault maps discovered:
D:1:      dpeg_arrival_morbid_curiosity, layout_loops_ring, st_stairs_13
D:2:      layout_loops_corners, uniq_crazy_yiuf_cottage
D:3:      layout_basic, nicolae_overflow_macrodata_refinement,
          dreamdust_ecumenical_altar_grove, gammafunk_ghost_cemetery,
          minmay_joined_circles
D:4:      layout_loops_ring, gammafunk_temple_overflow_claw,
          minmay_temple_entry_sparse_star
D:5:      layout_layer_cave, kennysheep_mini, uniq_menkaure
D:6:      layout_loops_ring, lemuel_crystal_altar, serial_shops, shop
D:7:      minmay_evil_eye, layout_gridville, serial_shops, shop,
          hangedman_abyss_or_decor_jellyfish_corner, minivault_22
D:8:      layout_loops_ring, serial_shops, shop, ebering_ghost_gozag,
          lightli_orcish_oven
D:9:      kennysheep_spiral_hall, layout_stronghold, minmay_lair_entry_grove,
          minivault_16, uniq_maggie
D:10:     minmay_the_grid_octo_tiled_squarecenter [minmay_the_grid_octo_empty,
          minmay_the_grid_octo_vomiting_pacman, minmay_the_grid_octo_checkered,
          minmay_the_grid_octo_fan_narrow,
          minmay_the_grid_square_5x5_megaprize_hollow,
          minmay_the_grid_square_5x5_two_walls_b,
          minmay_the_grid_square_5x5_shrine2, minmay_the_grid_square_5x5_tie,
          minmay_the_grid_square_5x5_fat_x], layout_loops_ring,
          grunt_qazlal_clouds, trove_entry_hex_spiral,
          nicolae_shop_i_like_small_books_too, kennysheep_small_circle
D:11:     layout_basic, uniq_harold
D:12:     layout_basic, orc_0_dummy, dk_noncrumbling_2, uniq_jorgrun, uniq_kirke
D:13:     layout_basic, hellmonk_vaults_order_and_chaos, uniq_frances
Lair:1:   layout_hall_layers, grunt_megastairs_1, infiniplex_staircase_pool_2,
          lemuel_fruit_fields, uniq_joseph
Lair:2:   layout_regular_city, uniq_amaemon, uniq_nergalle
Lair:3:   layout_concentric_octagons, minmay_swamp_entry_eels,
          dummy_spider_entry
Lair:4:   layout_misc_corridors, slime_entry_1, ebering_ghost_rock_garden,
          serial_bayou_shore_b, uniq_nessos, uniq_urug
Lair:5:   cheibrodos_lair_end_hotspot, layout_cave_pods,
          gammafunk_ghost_berserking_beasts, chequers_serial_rivers_small_3,
          infiniplex_staircase_pool
Swamp:1:  layout_basic_swamp, evilmike_swamp_ruin_house_6, swamp_pool_1_2
Swamp:2:  layout_basic_swamp, gammafunk_ghost_abyssal_escape,
          nicolae_swamp_fairy_circle
Swamp:3:  layout_falls_marsh, evilmike_swamp_ruin_rubble_2,
          hangedman_swamp_grove
Swamp:4:  swamp_old_school, layout_basic_swamp
Spider:1: nicolae_spider_mines_1, nicolae_spider_circle_web,
          nicolae_spider_rock_and_or_roll
Spider:2: layout_spider_delve, hangedman_spider_tarantella_strand, uniq_arachne,
          uniq_donald
Orc:1:    layout_caves
Orc:2:    grunt_orc_community_town_hall, layout_caves,
          grunt_orc_community_big_house_1, grunt_orc_community_big_house_2,
          grunt_orc_community_house_1, grunt_orc_community_house_3,
          grunt_orc_community_house_1, grunt_orc_community_house_1,
          grunt_orc_community_house_3, serial_shops,
          nicolae_shop_tiny_waterfront, uniq_azrael

Skill      XL: |  1  2  3  4  5  6  7  8  9 10 11 12 13 14 15 16 17 |
---------------+----------------------------------------------------+-----
Fighting       | 4 5 7 8 10 11 12 13 15 16 17 | 17.5
Axes           | 4 5 6 8 11 12 14 15 16 18 19 21 22 23 | 23.4
Armour         | 3 4 6 8 9 11 12 13 14 15 16 | 16.5
Dodging        | 4 6 8 9 10 11 | 11.8
Evocations     | 2 5 |  5.0

Action                     |  1- 3 |  4- 6 |  7- 9 | 10-12 | 13-15 | 16-18 || total
---------------------------+-------+-------+-------+-------+-------+-------++-------
  Melee: Hand axe          |    73 |       |       |       |       |       ||    73
         Mace              |       |    98 |   278 |   537 |    82 |    93 ||  1088
         Punch             |       |       |     1 |    11 |     1 |       ||    13
         Battleaxe         |       |       |       |    78 |   654 |     9 ||   741
         Executioner's axe |       |       |       |       |   119 |   422 ||   541
  Throw: Dart              |       |       |     5 |    23 |     2 |       ||    30
 Invoke: Berserk           |     1 |     1 |     3 |     8 |     6 |     6 ||    25
         Trog's Hand       |       |       |       |       |     2 |     1 ||     3
         Brothers in Arms  |       |       |       |       |     2 |       ||     2
Ability: Hop               |       |       |       |     2 |    10 |     1 ||    13
  Evoke: Wand              |       |       |       |       |    13 |     3 ||    16
    Use: Scroll            |       |       |       |    23 |     8 |     2 ||    33
         Potion            |       |       |       |       |     3 |     2 ||     5
   Stab: Invisible         |       |       |       |       |     4 |       ||     4
         Petrified         |       |       |       |       |     2 |       ||     2
 Armour: Animal skin       |     8 |       |       |       |       |       ||     8
         Ring mail         |    28 |    44 |       |       |       |       ||    72
         Scale mail        |       |    11 |   224 |   370 |   631 |   801 ||  2037
         Plate armour      |       |       |       |       |       |    73 ||    73
  Dodge: Dodged            |    42 |    50 |   147 |   530 |   689 |   516 ||  1974
  Block: Buckler           |       |       |    33 |       |       |       ||    33
